 Dungeon Crawl Stone Soup version 0.30.0-10-gfe55d96785 (webtiles) character file.

Game seed: 1532177766767474854

4269 CaptainMV the Poker (level 10, -8/91 HPs)
             Began as a Naga Wanderer on May 16, 2023.
             Was an Initiate of Yredelemnul.
             Mangled by a gnoll
             ... wielding a +1 halberd of electrocution
              (17 damage)
             ... on level 8 of the Dungeon.
             The game lasted 00:57:15 (4416 turns).

CaptainMV the Poker (Naga Wanderer)                 Turns: 4416, Time: 00:57:16

Health: -8/91      AC: 25    Str: 16    XL:     10   Next: 31%
Magic:  10/10      EV:  7    Int:  9    God:    Yredelemnul [......]
Gold:   299        SH:  0    Dex: 17    Spells: 9/9 levels left

rFire   . . .        a - +2 scythe
rCold   . . .        (shield currently unavailable)
rNeg    . . .        p - +8 chain mail of the Cockatrice {+Blink Will+}
rPois   +            (no helmet)
rElec   .            h - +2 cloak
rCorr   .            c - +0 pair of gloves
SInv    +            (no barding)
Will    ++...        (no amulet) Stlth
                     l - +4 ring of protection
HPRegen 0.35/turn    (no ring)
MPRegen 0.12/turn

%: no passive effects
@: very slow
A: AC +3, large, see invisible, deformed body, poison resistance, slowness 2,
spit poison 1, naga tail 1
a: Spit Poison, Renounce Religion, Evoke Blink, Recall Undead Harvest


You were on level 8 of the Dungeon.
You worshipped Yredelemnul.
Yredelemnul was noncommittal.
You visited 2 branches of the dungeon, and saw 9 of its levels.
You also visited: Sewer.

You collected 299 gold pieces.

Inventory:

Hand Weapons
 a - a +2 scythe (weapon)
 b - a +2 arbalest
Missiles
 r - 5 javelins
Armour
 c - a +0 pair of gloves (worn)
 h - a +2 cloak (worn)
 p - the +8 chain mail of the Cockatrice (worn) {+Blink Will+}
   (You found it on level 4 of the Dungeon)

   +Blink:    It lets you blink.
   Will:      It increases your willpower.
Jewellery
 l - a +4 ring of protection (left hand)
Wands
 k - a wand of paralysis (5)
 A - a wand of roots (13)
Scrolls
 d - 4 scrolls of fear
 t - 2 scrolls of poison
 u - a scroll of enchant armour
 v - 2 scrolls of enchant weapon
 w - 2 scrolls of fog
 x - a scroll of teleportation
 C - a scroll of acquirement {unknown}
Potions
 j - 3 potions of flight
 m - 2 potions of might {unknown}
 n - a potion of invisibility {unknown}
 o - a potion of degeneration {unknown}
 z - a potion of magic {unknown}
 B - a potion of lignification {unknown}
 D - a potion of cancellation {unknown}


   Skills:
 + Level 5.9 Fighting
 + Level 1.5(4.9) Axes
 + Level 7.4(7.5) Polearms
 + Level 6.9 Ranged Weapons
 + Level 1.1 Throwing
 + Level 4.4 Armour
 + Level 3.9 Dodging
 + Level 4.2 Stealth
 * Level 3.7 Evocations


You had 9 spell levels left.
You didn't know any spells.
Your spell library contained the following spells:

 Spells                   Type           Power      Damage    Failure   Level
 Ensorcelled Hibernation  Hex/Ice        0%         N/A       100%        2
 Spider Form              Tmut/Pois      0%         N/A       100%        3
 Anguish                  Hex/Necr       0%         N/A       100%        4


Dungeon Overview and Level Annotations

Branches:
Dungeon (8/15)             Temple (1/1) D:5           Sewer (visited)
   Lair: D:8-11

Altars:
Ashenzari
Cheibriados
Dithmenos
Elyvilon
Fedhas
Gozag
Hepliaklqana
Kikubaaqudgha
Nemelex Xobeh
Okawaru
Qazlal
Ru
Sif Muna
Trog
Uskayaw
Vehumet
Wu Jian
Xom
Yredelemnul
Zin
The Shining One

Shops:
D:5 :

Annotations:
D:8 1 transporter


Innate Abilities, Weirdness & Mutations

Your serpentine skin is tough. (AC +3)
You have supernaturally acute eyesight. (SInv)
Armour fits poorly on your strangely shaped body.
Your system is resistant to poisons. (rPois)
You cover ground very slowly.
You can spit poison.
You have a snake-like lower body.


Message History

You rip the net and break free!
The gnoll closely misses you. The gnoll hits you with a +0 club.
* * * LOW HITPOINT WARNING * * *
You closely miss the gnoll.
The gnoll is lightly wounded.
The gnoll sergeant seems to regain its courage.
Your gnoll zombie hits the gnoll.
The gnoll closely misses you.
You slash the gnoll!
You kill the gnoll!
The dead are walking!
Your gnoll zombie hits the gnoll sergeant but does no damage.
The gnoll sergeant hits your gnoll zombie with the +4 spear "Gygeovim" {venom, rN+ Int+4}!
Your gnoll zombie hits the gnoll sergeant but does no damage.
The gnoll sergeant hits your gnoll zombie with the +4 spear "Gygeovim" {venom, rN+ Int+4}!
Your gnoll zombie is destroyed!
Aiming: Spit Poison (1% risk of failure)
Press: ? - help, Shift-Dir - straight line, f - gnoll
Aim: a gnoll, wielding a +1 halberd of electrocution (69% to hit)
Your line of fire to the gnoll is blocked by a plant.
Unknown command.
A gnoll bouda comes into view.
It is wielding a +0 club and wearing the amulet of Haugetul {Acrobat rF+}.
The gnoll bouda shouts!
The gnoll bouda barks out a call to the hunt!
The gnoll picks up the pace!
The gnoll sergeant hits your gnoll zombie with the +4 spear "Gygeovim" {venom, rN+ Int+4}!
Your gnoll zombie hits the gnoll sergeant but does no damage.
You hear a shout!
There is an open translucent door here.
The gnoll sergeant hits your gnoll zombie with the +4 spear "Gygeovim" {venom, rN+ Int+4}!
The gnoll sergeant blocks your gnoll zombie's attack.
The gnoll sergeant hits your gnoll zombie with the +4 spear "Gygeovim" {venom, rN+ Int+4}!
Your gnoll zombie is destroyed!
The gnoll bouda hits you with a +0 club.
* * * LOW HITPOINT WARNING * * *
You hit the gnoll bouda.
The gnoll bouda is lightly wounded.
The gnoll seems to regain its courage.
The gnoll hits you but does no damage.
You are electrocuted!
You die...
Your body rises from the dead as a mindless zombie.

.. .......#≈≈..... #.≈
##.##'##.###≈≈..... #.≈
.#.#P.P#.#..≈≈.#.# #.≈≈
##.#⌠.⌠#.##.≈≈...#
#.≈≈. ..#P.P#g.#.≈≈..#
#.≈≈.##.##.##.##.≈≈.#
#.≈≈..#.#P..#.#.....##
#.~~.©#.'g©)gg#©.....##
.≈≈..#@#8)8#.#.......#
.≈≈ #g#####.##.≈≈.#.##
. ..# #.©#.≈≈.....
##.#. #.##.≈≈.#...
#.#.. #.#..≈≈.#..# #.#
'##.###≈≈.#..# ...
......#≈≈....# .##
###..#≈≈...#. #.
#≈≈.....


You could see a gnoll sergeant, a gnoll bouda and 2 gnolls.

Vanquished Creatures
  A hornet (D:8)
  Sigmund (D:2)
  A water moccasin (D:7)
  5 ogres
  4 centaurs
  Blork the orc (D:6)
  2 bullfrogs
  2 gnoll sergeants (D:8)
  4 scorpions
  5 wights (D:8)
  5 killer bees (D:8)
  An electric eel (D:6)
  5 hounds
  3 jellies
  2 orc priests (D:5)
  A sleepcap (D:7)
  3 iguanas
  3 orc wizards
  3 spectral killer bees (D:8)
  A killer bee zombie (D:8)
  10 adders
  11 gnolls
  6 river rats
  A shadow imp (D:4)
  4 worms
  2 dart slugs
  16 orcs
  5 bats
  4 endoplasms
  2 giant cockroaches
  5 goblins
  2 hobgoblins (D:1)
  2 jackals (D:1)
  6 kobolds
  5 quokkas
  8 ball pythons
  8 frilled lizards
  12 rats
162 creatures vanquished.

Vanquished Creatures (collateral kills)
  A two-headed ogre (D:7)
  A wyvern (D:7)
  A slime creature (D:7)
  A bullfrog (D:7)
  A wight (D:8)
  A killer bee (D:8)
  A jelly (D:7)
  A sleepcap (D:8)
  3 gnolls
  An orc (D:7)
12 creatures vanquished.

Vanquished Creatures (others)
  A water moccasin zombie (D:7)
  2 bullfrog zombies
  A centaur zombie (D:7)
  An ogre zombie (D:7)
  2 jelly zombies
  An orc (D:5)
  6 gnoll zombies
  5 orc zombies
19 creatures vanquished.

Grand Total: 193 creatures vanquished

Notes
Turn   | Place    | Note
-------+----------+-------------------------------------------
     0 | D:1      | CaptainMV the Naga Wanderer began the quest for the Orb.
     0 | D:1      | CaptainMV set off with the following items: a +2 sling, a
                  | +0 hand axe, a +0 pair of gloves, a scroll of fear, a +0
                  | leather armour.
     0 | D:1      | Reached XP level 1. HP: 19/19 MP: 1/1
   174 | D:1      | Reached XP level 2. HP: 27/27 MP: 2/2
   604 | D:2      | Noticed Sigmund
   609 | D:2      | Reached XP level 3. HP: 22/33 MP: 3/3
   617 | D:2      | Killed Sigmund
   618 | D:2      | Reached XP level 4. HP: 20/42 MP: 4/4
   618 | D:2      | Reached XP level 5. HP: 24/49 MP: 5/5
   649 | D:2      | Found a faded altar of an unknown god.
   797 | D:2      | Reached XP level 6. HP: 49/56 MP: 6/6
  1152 | D:3      | Found an ornate altar of the Wu Jian Council.
  1158 | D:3      | Noticed a spectral centipede
  1158 | D:3      | Noticed a spectral black mamba
  1158 | D:3      | Noticed a spectral cane toad
  1481 | D:4      | Identified the +8 chain mail of the Cockatrice {+Blink
                  | Will+}
  1517 | D:4      | Reached skill level 1 in Polearms
  1598 | D:4      | Reached XP level 7. HP: 54/62 MP: 7/7
  1631 | D:4      | Found a glowing golden altar of the Shining One.
  1928 | D:5      | Entered Level 5 of the Dungeon
  1950 | D:5      | Reached skill level 5 in Ranged Weapons
  1953 | D:5      | Reached skill level 2 in Polearms
  2154 | D:5      | Found a glowing drain.
  2163 | Sewer    | Entered a sewer
  2632 | D:5      | Found a staircase to the Ecumenical Temple.
  2639 | D:5      | Reached XP level 8. HP: 72/72 MP: 8/8
  2670 | Temple   | Entered the Ecumenical Temple
  2870 | Temple   | Became a worshipper of Yredelemnul the Dark
  3001 | D:5      | Reached * piety under Yredelemnul
  3043 | D:5      | Reached skill level 3 in Polearms
  3112 | D:5      | Found Dune Vudd's Book Shoppe.
  3584 | D:6      | Noticed Blork the orc
  3596 | D:6      | Killed Blork the orc
  3597 | D:6      | Reached skill level 4 in Polearms
  3674 | D:6      | Reached XP level 9. HP: 79/79 MP: 9/9
  3827 | D:7      | Reached skill level 5 in Polearms
  3876 | D:7      | Reached skill level 1 in Evocations
  4077 | D:7      | Reached skill level 5 in Fighting
  4129 | D:7      | Noticed a two-headed ogre
  4137 | D:7      | Reached skill level 6 in Polearms
  4142 | D:7      | Killed a two-headed ogre
  4168 | D:7      | You fall into a shaft and drop 1 floor!
  4210 | D:8      | Reached XP level 10. HP: 20/88 MP: 10/10
  4212 | D:8      | Reached skill level 7 in Polearms
  4312 | D:8      | Found a transporter.
  4315 | D:8      | Found a transporter.
  4321 | D:8      | Found a hide-covered altar of Uskayaw.
  4321 | D:8      | Found an iron altar of Okawaru.
  4328 | D:8      | Paralysed by a hornet for 2 turns
  4379 | D:8      | Identified the +4 spear "Gygeovim" {venom, rN+ Int+4}
  4386 | D:8      | HP: 2/91 [gnoll/+1 halberd of electrocution (19)]
  4392 | D:8      | Identified the +0 scale mail "Plog" {Drain Regen+ MP+9
                  | Stlth+}
  4414 | D:8      | Identified the amulet of Haugetul {Acrobat rF+}
  4416 | D:8      | Mangled by a gnoll

Illustrated notes

Levels and vault maps discovered:
D:1:      psy_arrival_dodecagon, layout_basic
D:2:      layout_basic, ebering_ecumenical_altar_mist, nrook_campfire,
          minmay_misc_feat_pillars, chequers_serial_rivers_large_b, uniq_sigmund
D:3:      layout_loops_ring, pdpol_wu_jian_five_deadly_venoms
D:4:      layout_cave_pools, tso_oasis_becter
D:5:      layout_basic, minmay_temple_entry_arrows, gup_sewer_entry_bubbles,
          serial_shops, shop
D:6:      layout_loops_ring, serial_bayou_lake_a, uniq_blork_the_orc
D:7:      cheibrodos_fzero, layout_basic, minmay_bent
D:8:      layout_rooms, gammafunk_temple_overflow_wave, kennysheep_mini,
          gammafunk_ghost_gnarly_gnolls, kennysheep_windowed_goal
Temple:   nicolae_temple_bog_church

Skill      XL: |  1  2  3  4  5  6  7  8  9 10 |
---------------+-------------------------------+-----
Ranged Weapons | 2 4 5 6 |  6.9
Fighting       | 3 4 5 |  5.9
Polearms       | 1 2 4 6 7 |  7.4
Armour         | 2 3 4 |  4.4
Dodging        | 2 3 |  3.9
Evocations     | 3 |  3.7
Stealth        | 4 |  4.2
Axes           | |  1.5
Throwing       | |  1.1

Action                     |  1- 3 |  4- 6 |  7- 9 | 10-12 || total
---------------------------+-------+-------+-------+-------++-------
  Melee: Hand axe          |    20 |    11 |       |       ||    31
         Halberd           |       |    46 |   202 |    50 ||   298
   Fire: Sling             |    36 |    39 |     1 |       ||    76
         Arbalest          |       |       |   151 |    11 ||   162
 Invoke: Recall Undead Har |       |       |     2 |       ||     2
Ability: Spit Poison       |     4 |     5 |    14 |     3 ||    26
         Evoke Blink       |       |       |     3 |     2 ||     5
    Use: Scroll            |     1 |     8 |    12 |     3 ||    24
         Potion            |       |       |     6 |     5 ||    11
   Stab: Distracted        |       |       |     1 |       ||     1
 Armour: Leather armour    |    20 |    17 |       |       ||    37
         Chain mail        |       |    12 |   517 |    62 ||   591
  Dodge: Dodged            |    30 |    23 |   178 |    27 ||   258
